 Dungeon Crawl Stone Soup version 0.29.1-2-gbd0b4ee654 (webtiles) character file.

Game seed: 8411472124865245256

21004 stave the Cleaver (level 12, -6/118 HPs)
             Began as a Minotaur Berserker on Nov 22, 2022.
             Was a High Priest of Trog.
             Mangled by a vampire mosquito (9 damage)
             ... on level 11 of the Dungeon on Nov 26, 2022.
             The game lasted 01:03:33 (13878 turns).

stave the Cleaver (Minotaur Berserker)             Turns: 13878, Time: 01:03:35

Health: -6/118     AC: 24    Str: 26    XL:     12   Next: 50%
Magic:  11/11      EV:  8    Int:  4    God:    Trog [*****.]
Gold:   525        SH:  5    Dex: 11    Spells: 11/11 levels left

rFire   + . .      SeeInvis .   V - +4 glaive
rCold   . . .      Faith    .   (shield currently unavailable)
rNeg    . . .      Spirit   .   W - +2 plate armour {Will+}
rPois   .          Reflect  +   (helmet restricted)
rElec   .          Harm     .   P - +1 cloak
rCorr   .          Rampage  .   x - +2 pair of gloves
Will    +....                   (no boots)
Stlth   ..........              G - amulet of reflection
HPRegen 0.29/turn               E - ring of protection from fire
MPRegen 0.12/turn               (no ring)

@: about to teleport, on berserk cooldown, slowed, very slow
A: horns 2, retaliatory headbutt
a: Renounce Religion, Berserk, Trog's Hand, Brothers in Arms


You were on level 11 of the Dungeon.
You worshipped Trog.
Trog was extremely pleased with you.
You visited 3 branches of the dungeon, and saw 13 of its levels.

You collected 695 gold pieces.
You spent 170 gold pieces at shops.

Inventory:

Hand Weapons
 a - a +4 spear
 h - a +4 flail of freezing
 I - the +3 woodcutter's axe {vorpal}
   (You found it on level 6 of the Dungeon)

   It inflicts extra damage upon your enemies.
 K - the +10 spear "Korou" {distort, MP+9 Str+2}
   (You found it on level 1 of the Lair of Beasts)

   It warps and distorts space around it, and may blink, banish, or inflict
   extra damage upon those it strikes.
   Unwielding it can cause banishment or high damage.
   Str:       It affects your strength (+2).
   MP:        It affects your magic capacity (+9).
 R - the +8 mace "Miwech" {speed, rCorr}
   (You found it on level 1 of the Lair of Beasts)

   Attacks with this weapon are significantly faster.
   rCorr:     It protects you from acid and corrosion.
 V - a +4 glaive (weapon)
Missiles
 H - 2 throwing nets
 N - a curare-tipped dart
 O - 18 poisoned darts (quivered)
Armour
 n - a +0 kite shield
 x - a +2 pair of gloves (worn)
 y - a +2 chain mail
 P - a +1 cloak (worn)
 W - a +2 plate armour of willpower (worn)
Jewellery
 E - a ring of protection from fire (left hand)
 F - a ring of ice
 G - an amulet of reflection (around neck)
Scrolls
 d - a scroll of summoning {unknown}
 e - 5 scrolls of teleportation
 g - 3 scrolls of poison
 j - a scroll of immolation
 m - 4 scrolls of vulnerability
 s - a scroll of blinking {unknown}
 t - a scroll of magic mapping {unknown}
 w - a scroll of fear
 C - 4 scrolls of noise
 L - a scroll of enchant weapon {unknown}
 U - a scroll of identify
Potions
 c - a potion of ambrosia {unknown}
 i - 3 potions of heal wounds
 k - a potion of resistance {unknown}
 l - 3 potions of attraction
 o - 4 potions of might
 p - 4 potions of curing
 r - a potion of cancellation {unknown}
 v - 4 potions of flight
 z - a potion of berserk rage {unknown}
 A - 3 potions of lignification
 B - 3 potions of brilliance {unknown}
 J - 3 potions of mutation {unknown}
 M - 2 potions of magic {unknown}
 Q - 2 potions of haste {unknown}


   Skills:
 + Level 14.8 Fighting
 + Level 14.8 Axes
 + Level 14.6 Armour
 - Level 2.1 Dodging


You had 11 spell levels left.
You didn't know any spells.
Your spell library was empty.

Dungeon Overview and Level Annotations

Branches:
Dungeon (11/15)            Temple (1/1) D:5            Lair (1/5) D:8
    Orc: D:9-12

Altars:
Ashenzari
Cheibriados
Dithmenos
Elyvilon
Fedhas
Gozag
Hepliaklqana
Kikubaaqudgha
Makhleb
Nemelex Xobeh
Okawaru
Qazlal
Ru
Sif Muna
Trog
Uskayaw
Vehumet
Wu Jian
Xom
Yredelemnul
Zin
The Shining One

Shops:
D:2 :[   D:9 ?


Innate Abilities, Weirdness & Mutations

You have a pair of horns on your head.
You reflexively headbutt those who attack you in melee.


Message History

The orc hits you but does no damage.
You closely miss the vampire mosquito.
The vampire mosquito is lightly damaged.
The vampire mosquito bites you but does no damage. x2
You block the vampire mosquito's attack.
The vampire mosquito bites you.
* * * LOW HITPOINT WARNING * * *
The vampire mosquito draws strength from your injuries!
The vampire mosquito bites you but does no damage.
The wraith closely misses you. You furiously retaliate!
You headbutt the wraith. The orc hits you but does no damage.
The vampire mosquito bites you but does no damage.
The vampire mosquito bites you.
* * * LOW HITPOINT WARNING * * *
The vampire mosquito draws strength from your injuries!
The orc priest looks satisfied for a moment.
The orc closely misses you. You furiously retaliate!
You headbutt the orc. The wraith hits you but does no damage.
The vampire mosquito bites you but does no damage.
You miss the vampire mosquito.
The vampire mosquito bites you but does no damage.
You block the vampire mosquito's attack. x2
The vampire mosquito bites you but does no damage. x2
The wraith closely misses you. You furiously retaliate!
You headbutt the wraith, but do no damage.
The orc hits you but does no damage.
The vampire mosquito completely misses you.
You furiously retaliate!
You headbutt the vampire mosquito, but do no damage.
The vampire mosquito barely misses you. You furiously retaliate!
You headbutt the vampire mosquito! The wraith hits you.
* * * LOW HITPOINT WARNING * * *
The orc closely misses you.
As you read the scroll of teleportation, it crumbles to dust.
You feel strangely unstable. The vampire mosquito bites you.
* * * LOW HITPOINT WARNING * * *
The vampire mosquito draws strength from your injuries!
You block the vampire mosquito's attack.
The vampire mosquito barely misses you. The vampire mosquito bites you!
You die...

..y........
.......... .
.###........# ...
...)..... ..##...
.................
........##........
. #.).l##........
..##..)oy@W.......
.......yoy.......#
..#...##y#.##.....
#...........#..
###........#..# #
#......<...#.##
............##
..............#
........##.....#


You could see a komodo dragon, a wraith, 4 vampire mosquitoes, an orc priest and
an orc.

Vanquished Creatures
  A hydra (Lair:1)
  Harold (D:9)
  A boulder beetle (D:10)
  A centaur warrior (D:10)
  2 two-headed ogres
  A death knight (D:10)
  A deep troll (D:10)
  Pikel (D:8)
  An orc knight (D:10)
  A deep elf pyromancer (D:10)
  2 ugly things
  Joseph (D:7)
  A black mamba (Lair:1)
  3 cane toads (Lair:1)
  An efreet (D:10)
  2 komodo dragons (Lair:1)
  A freezing wraith (D:10)
  2 trolls
  2 wyverns
  31 yaks
  A human (D:11)
  3 basilisks (Lair:1)
  A warg (D:11)
  5 vampire mosquitoes
  2 acid dragons
  Duvessa (D:7)
  5 water moccasins
  5 orc warriors
  2 sky beasts
  12 wolves (Lair:1)
  An ogre (D:5)
  5 centaurs
  2 lemures (D:8)
  A kobold brigand (D:7)
  3 bullfrogs
  A necrophage (D:7)
  A scorpion (D:6)
  8 wights
  Dowan (D:7)
  6 killer bees (D:9)
  5 howler monkeys
  A jelly (D:7)
  4 orc priests
  5 gnoll boudas
  3 hounds
  3 iguanas
  10 orc wizards
  Ijyb (D:3)
  22 gnolls
  7 adders
  2 white imps
  A worm (D:3)
  A dart slug (D:1)
  38 orcs
  4 bats
  3 endoplasms
  2 giant cockroaches
  3 goblins
  7 hobgoblins
  11 jackals
  3 quokkas
  4 ball pythons
  2 frilled lizards (D:3)
  10 kobolds
  4 rats
  A butterfly (D:5)
280 creatures vanquished.

Vanquished Creatures (collateral kills)
  An orc (D:11)
1 creature vanquished.

Vanquished Creatures (others)
  8 fungi
  3 plants (D:8)
11 creatures vanquished.

Grand Total: 292 creatures vanquished

Notes
Turn   | Place    | Note
-------+----------+-------------------------------------------
     0 | D:1      | stave the Minotaur Berserker began the quest for the Orb.
     0 | D:1      | Reached XP level 1. HP: 19/19 MP: 0/0
   601 | D:1      | Found a faded altar of an unknown god.
   806 | D:1      | Reached XP level 2. HP: 27/27 MP: 1/1
  1453 | D:2      | Found Cuwie's Book Emporium.
  1482 | D:2      | Reached XP level 3. HP: 31/33 MP: 2/2
  1519 | D:2      | Found Kaocuimm's Antique Armour Shoppe.
  2235 | D:2      | Bought a ring mail for 80 gold pieces
  2267 | D:3      | Reached ** piety under Trog
  2332 | D:3      | Reached XP level 4. HP: 15/41 MP: 3/3
  2610 | D:3      | Found a blossoming altar of Fedhas.
  2651 | D:3      | Found an opulent altar of Gozag.
  2655 | D:3      | Found a stormy altar of Qazlal.
  2836 | D:3      | Noticed Ijyb
  2865 | D:3      | Killed Ijyb
  3218 | D:3      | Reached XP level 5. HP: 47/47 MP: 4/4
  3221 | D:3      | Reached skill level 5 in Fighting
  3221 | D:3      | Reached skill level 5 in Axes
  3343 | D:2      | Bought a pair of gloves for 90 gold pieces
  3977 | D:4      | Reached XP level 6. HP: 56/56 MP: 5/5
  4307 | D:5      | Entered Level 5 of the Dungeon
  4438 | D:5      | Noticed a water moccasin
  4444 | D:5      | Killed a water moccasin
  4445 | D:5      | Reached skill level 5 in Armour
  4688 | D:5      | Reached XP level 7. HP: 57/63 MP: 6/6
  4911 | D:5      | Found a staircase to the Ecumenical Temple.
  4931 | Temple   | Entered the Ecumenical Temple
  5539 | D:5      | Found a shimmering blue altar of Sif Muna.
  6074 | D:6      | Found the +3 woodcutter's axe {vorpal}
  6285 | D:6      | Reached XP level 8. HP: 69/73 MP: 7/7
  6521 | D:6      | Found a sacrificial altar of Ru.
  6521 | D:6      | Found an iron altar of Okawaru.
  7134 | D:7      | Noticed Duvessa
  7134 | D:7      | Noticed Dowan
  7138 | D:7      | Killed Dowan
  7142 | D:7      | Killed Duvessa
  7227 | D:7      | Noticed Joseph
  7240 | D:7      | Killed Joseph
  7418 | D:7      | Reached XP level 9. HP: 82/82 MP: 8/8
  7686 | D:7      | Reached *** piety under Trog
  8321 | D:8      | Reached skill level 10 in Fighting
  8321 | D:8      | Reached skill level 10 in Axes
  8476 | D:8      | Noticed a two-headed ogre
  8483 | D:8      | Killed a two-headed ogre
  8484 | D:8      | Reached skill level 10 in Armour
  8484 | D:8      | Reached XP level 10. HP: 73/94 MP: 9/9
  8611 | D:8      | Found a staircase to the Lair.
  8751 | Lair:1   | Entered Level 1 of the Lair of Beasts
  8892 | Lair:1   | Noticed a cane toad
  8900 | Lair:1   | Killed a cane toad
  9048 | Lair:1   | Noticed an eight-headed hydra
  9058 | Lair:1   | Killed a 13-headed hydra
  9266 | Lair:1   | Reached **** piety under Trog
  9438 | Lair:1   | Reached XP level 11. HP: 87/104 MP: 10/10
  9522 | Lair:1   | Identified the +10 spear "Korou" {distort, MP+9 Str+2}
 10478 | Lair:1   | Identified the +8 mace "Miwech" {speed, rCorr}
 10826 | D:8      | Noticed Pikel
 10837 | D:8      | Killed Pikel
 11545 | D:9      | Noticed Harold
 11557 | D:9      | Killed Harold
 11655 | D:9      | Found Rubloth's Magic Scroll Boutique.
 12004 | D:10     | Entered Level 10 of the Dungeon
 12601 | D:10     | Noticed a cyan ugly thing
 12606 | D:10     | Killed a cyan ugly thing
 12654 | D:10     | Noticed a death knight
 12660 | D:10     | Killed a death knight
 12880 | D:10     | Noticed a centaur warrior
 12885 | D:10     | Killed a centaur warrior
 12886 | D:10     | Reached XP level 12. HP: 116/116 MP: 11/11
 13216 | D:10     | Noticed a boulder beetle
 13227 | D:10     | Killed a boulder beetle
 13542 | D:10     | Reached ***** piety under Trog
 13857 | D:11     | Noticed a two-headed ogre
 13868 | D:11     | Killed a two-headed ogre
 13877 | D:11     | HP: 4/118 [wraith (5)]
 13878 | D:11     | Mangled by a vampire mosquito

Illustrated notes

Levels and vault maps discovered:
D:1:      kilobyte_arrival_exit_the_forest, layout_loops_ring,
          hellmonk_ecumenical_altar_zigzags, nrook_loot_triangle
D:2:      layout_basic, serial_shops, nicolae_shop_behind_doors, shop,
          st_stairs_11
D:3:      layout_rooms, nicolae_overflow_hidden_temple, uniq_ijyb
D:4:      layout_cave_pools, item_on_display_a
D:5:      layout_basic, mainiacjoe_overflow_alcove_1,
          minmay_temple_entry_butterflies
D:6:      layout_basic, nicolae_overflow_two_pavilions
D:7:      layout_loops_cross, uniq_joseph, uniq_duvessa
D:8:      layout_gridville, dpeg_oklobed_lair, uniq_pikel
D:9:      layout_long_grid, serial_shops, shop, uniq_harold
D:10:     cheibrodos_iron_armory, layout_cave_pools, minmay_evil_grid
D:11:     layout_cave_pools, erik_orc_4, ebering_ghost_rock_garden,
          nicolae_wooded_promenade, fedhas_altar_1
Temple:   nicolae_temple_superstar
Lair:1:   layout_cave_pods

Skill      XL: |  1  2  3  4  5  6  7  8  9 10 11 12 |
---------------+-------------------------------------+-----
Fighting       | 4 5 6 7 8 10 12 13 14 | 14.8
Axes           | 4 5 6 7 8 10 12 13 14 | 14.8
Armour         | 3 4 5 6 8 10 12 13 14 | 14.6
Dodging        | |  2.1

Action                   |  1- 3 |  4- 6 |  7- 9 | 10-12 || total
-------------------------+-------+-------+-------+-------++-------
Melee: Hand axe          |    88 |   107 |    45 |       ||   240
       Headbutt          |     7 |    13 |    27 |    66 ||   113
       Battleaxe         |       |       |   125 |   212 ||   337
       Glaive            |       |       |       |    88 ||    88
Throw: Stone             |       |     3 |     1 |       ||     4
       Dart              |       |       |       |     4 ||     4
Invok: Berserk           |     1 |     3 |     7 |     9 ||    20
       Trog's Hand       |       |       |     1 |     3 ||     4
       Brothers in Arms  |       |       |       |     1 ||     1
  Use: Scroll            |     2 |     3 |     9 |     5 ||    19
       Potion            |       |       |       |     5 ||     5
Armor: Animal skin       |     4 |       |       |       ||     4
       Ring mail         |    13 |    29 |       |       ||    42
       Leather armour    |     9 |       |       |       ||     9
       Chain mail        |       |    17 |    72 |    98 ||   187
       Plate armour      |       |       |       |   187 ||   187
Dodge: Dodged            |    47 |    25 |    56 |   194 ||   322
Block: Kite shield       |    32 |    38 |    16 |       ||    86
       Other             |       |       |    29 |   115 ||   144
       Reflection        |       |       |     8 |     7 ||    15
